 Dungeon Crawl Stone Soup version 0.31.0-1-g2c135a008e (webtiles) character file.

Game seed: 5746126890130634116

32 qw the Shooter (level 3, -3/29 HPs)
             Began as a Djinni Hunter on Jan 23, 2024.
             Slain by Terence
             ... wielding a +0 trident
              (4 damage)
             ... on level 2 of the Dungeon.
             The game lasted 00:00:02 (711 turns).

qw the Shooter (Djinni Hunter)                       Turns: 711, Time: 00:00:02

Health: -3/29      AC:  4    Str: 10    XL:     3   Next: 42%
Gold:   60         EV: 12    Int: 10    God:
                   SH:  0    Dex: 18

rFire   + + .        h - +0 arbalest
rCold   x . .        (shield currently unavailable)
rNeg    . . .        c - +0 leather armour
rPois   inf          (no helmet)
rElec   .            (no cloak)
rCorr   .            f - +0 pair of gloves
SInv    .            (boots unavailable)
Will    .....        (no amulet)
Stlth   ++           (no ring)
HPRegen 0.24/turn    (no ring)
MPRegen 0.00/turn

%: infuse magic (-4 HP)
@: flying
A: sickness immunity, fire resistance 2, cold vulnerability 1, float, innate
caster, HP casting, extra vitality 1
a: no special abilities


You were on level 2 of the Dungeon.
You visited 1 branch of the dungeon, and saw 2 of its levels.

You collected 60 gold pieces.


Innate Abilities, Weirdness & Mutations

You are immune to sickness and miasma.
You are immune to poison.
Your flesh is very heat resistant. (rF++)
You are vulnerable to cold. (rC-)
You float through the air rather than walking.
You learn spells naturally, not from books.
Your magical power is your life essence.
You have superior vitality. (+4 MHP)


   Skills:
 + Level 2.4 Fighting
 - Level 4.0 Ranged Weapons
 - Level 2.1 Dodging
 - Level 0.7 Stealth


You knew the following spells:

 Your Spells              Type           Power      Damage    Failure   Level
a - Freeze                Ice            0%         1d3       45%         1
Your spell library was empty.

Inventory:

Hand Weapons
 h - a +0 arbalest (weapon)
Armour
 c - a +0 leather armour (worn)
 f - a +0 pair of gloves (worn)
Scrolls
 a - a scroll of noise {unknown}
 b - a scroll of poison {unknown}

Dungeon Overview and Level Annotations

Branches:
Dungeon (2/15)

Altars:

Annotations:
D:2 Terence


Message History

The giant cockroach is lightly wounded.
You shoot a bolt. The bolt hits the giant cockroach!
You kill the giant cockroach!
You now have 60 gold pieces (gained 18).
Found a stone staircase leading up.
Found 3 boomerangs.
Terence the Incautious comes into view.
He is wielding a +0 trident.
Found a ring mail.
Terence shouts!
You shoot a bolt. The bolt hits Terence!
Terence is heavily wounded.
You shoot a bolt. The bolt hits Terence.
Terence is heavily wounded.
You shoot a bolt.
The bolt hits Terence but does no damage.
Terence is heavily wounded.
Terence barely misses you.
You shoot a bolt. The bolt closely misses Terence.
Terence says, "Don't bother to defend, it's senseless."
Terence closely misses you. x2
You shoot a bolt. The bolt hits Terence.
Terence is severely wounded.
Terence barely misses you.
Terence hits you from afar with a +0 trident!
You shoot a bolt. The bolt hits Terence.
Terence is almost dead.
Terence hits you from afar with a +0 trident!
Terence says, "You're history."
Terence barely misses you.
You shoot a bolt. The bolt closely misses Terence.
Terence barely misses you.
You shoot a bolt. The bolt hits Terence.
Terence is almost dead.
Terence hits you from afar with a +0 trident. x2
You shoot a bolt.
The bolt hits Terence but does no damage.
Terence is almost dead.
Terence hits you from afar with a +0 trident. x2
You die...
Terence says, "Rest in peace."

.... .# . #...
.# .## ...##
.#... ..(##.#.#
....<..#
#.....# #
#....##
#...###.@...#
#.........#@..#
#....####.#
...# #.. ###.#
...# #.. ##...#
... ##..##..###
.. #......## [
#.###...###
#.....#


You could see Terence.

Vanquished Creatures
  A dart slug (D:1)
  A ribbon worm (D:2)
  4 ball pythons (D:1)
  2 endoplasms
  4 giant cockroaches
  A goblin (D:1)
  A hobgoblin (D:1)
  2 kobolds (D:1)
  2 quokkas (D:1)
  3 bats (D:1)
  A frilled lizard (D:1)
  A rat (D:1)
23 creatures vanquished.

Notes
Turn   | Place    | Note
-------+----------+-------------------------------------------
     0 | D:1      | qw the Djinni Hunter began the quest for the Orb.
     0 | D:1      | Reached XP level 1. HP: 18/18 MP: 0/0
     0 | D:1      | 0 ||| qw: Version: 0.3-a-136-gdd3b4e8
     0 | D:1      | 0 ||| qw: Game counter: 1191
     0 | D:1      | 0 ||| qw: Melee chars always use a shield: true
     0 | D:1      | 0 ||| qw: God list: Okawaru
     0 | D:1      | 0 ||| qw: Allow faded altars: false
     0 | D:1      | 0 ||| qw: Do Orc after clearing Dungeon:15 true
     0 | D:1      | 0 ||| qw: Do second Lair branch before Depths: true
     0 | D:1      | 0 ||| qw: Lair rune preference: random
     0 | D:1      | 0 ||| qw: Goals: Normal
     0 | D:1      | 0 ||| PLANNING D:1-11
    74 | D:1      | Reached XP level 2. HP: 23/23 MP: 0/0
   268 | D:1      | Reached XP level 3. HP: 28/28 MP: 0/0
   268 | D:1      | Learned a level 1 spell: Freeze
   315 | D:1      | Reached skill level 4 in Ranged Weapons
   417 | D:1      | 417 ||| SWAPPING to +0 arbalest.
   418 | D:1      | 418 ||| DROPPING +0 shortbow.
   419 | D:1      | 419 ||| UPGRADING to +0 pair of gloves.
   424 | D:1      | 424 ||| READING scroll labelled ZAEGYW OHASA.
   429 | D:1      | 429 ||| READING scroll labelled BUOHEM EFRISH.
   530 | D:1      | 530 ||| READING scroll labelled UTHROMP WUUTSO.
   582 | D:1      | 582 ||| DROPPING scroll of butterflies.
   702 | D:2      | Noticed Terence
   710 | D:2      | HP: 7/29 [Terence/+0 trident (6)]
   711 | D:2      | HP: 1/29 [Terence/+0 trident (3)]
   711 | D:2      | Slain by Terence

Levels and vault maps discovered:
D:1:      lemuel_arrival_broad_hall, layout_rooms
D:2:      layout_rooms, uniq_natasha, uniq_terence

Skill      XL: |  1  2  3 |
---------------+----------+-----
Ranged Weapons | 4 |  4.0
Fighting       | |  2.4
Dodging        | |  2.1
Stealth        | |  0.7

Action                     || total
---------------------------++-------
   Fire: Shortbow          ||    49
         Arbalest          ||    15
    Use: Scroll            ||     3
 Armour: Leather armour    ||    13
  Dodge: Dodged            ||    12

Table legend:
 A = Non-vault XP
 B = Vault XP
 C = Vault XP percentage of total XP
 D = Non-vault monster count
 E = Vault monster count
 F = Vault count percentage of total count
                 A         B        C        D         E       F
            +---------+---------+-------+---------+---------+-------
      Total |      46 |       0 |   0.0 |      23 |       0 |   0.0
            +---------+---------+-------+---------+---------+-------
        D:1 |      36 |       0 |   0.0 |      19 |       0 |   0.0
        D:2 |      10 |       0 |   0.0 |       4 |       0 |   0.0
            +---------+---------+-------+---------+---------+-------
